Map: Blackpink LE

Players

Scarlett - Winner!

  • Race: Zerg Zerg
  • Spawn Location: 7:00

sOs

  • Race: Protoss Protoss
  • Spawn Location: 1:00

Event: IEM Season 12 - PyeongChang

VOD

Have the link to the VOD?

Description

Time

  • Played on: Feb. 7, 2018, 12:08 a.m.
  • Length: 5:39

All games in this series

Show
View Real Time Build Order
Export as new Build Order

Scarlett Zerg - Winner!

Build Orders: Hatch First 

Get SALT Encoding   

  12  0:00  Drone  
  13  0:12  Overlord  
  13  0:17  Drone  
  14  0:31  Drone x2  
  14  0:34  Drone  
  17  0:50  Hatchery  
  17  0:55  Drone  
  17  0:57  Drone  
  17  1:02  Extractor  
  17  1:13  Spawning Pool  
  17  1:16  Drone  
  17  1:20  Drone  
  18  1:28  Drone  
  19  1:39  Drone  
  20  1:50  Overlord  
  20  2:02  Queen, Metabolic Boost  
  20  2:05  Queen  
  20  2:06  Zergling x2  
  20  2:08  Zergling x2  
  26  2:16  Zergling x2  
  26  2:17  Zergling x2  
  28  2:23  Zergling x2  
  28  2:27  Zergling x2  
  30  2:47  Hatchery  
  30  2:50  Overlord  
  29  2:51  Zergling x6  
  29  2:57  Evolution Chamber  
  31  3:02  Overlord  
  31  3:03  Zergling x2  
  32  3:10  Zergling x6  
  35  3:19  Zergling x2  
  35  3:20  Zergling x2  
  35  3:26  Zergling x4  
  37  3:30  Zergling x2  
  38  3:35  Zergling x6  
  38  3:38  Zergling x2  
  40  3:46  Zergling x2  
  40  3:48  Zergling x2  
  39  3:58  Zergling x8  
  39  4:01  Zergling x2  
  43  4:04  Zergling x2  
  43  4:08  Zergling x2  
  45  4:11  Zergling x2  
  45  4:16  Zergling x4  
  47  4:18  Zergling x2  
  47  4:21  Zergling x2  
  48  4:27  Zergling x4  
  48  4:30  Zergling x2  
  49  4:32  Zergling x2  
  47  4:39  Zergling x2  
  47  4:40  Zergling x2  
  47  4:42  Zergling x2  
  48  4:47  Zergling x4  
  48  4:52  Zergling x2  
  47  4:55  Zergling x2  
  45  5:01  Zergling x2  
  45  5:05  Zergling x2  
  40  5:22  Drone  
  40  5:23  Drone x5  
Show
View Real Time Build Order
Export as new Build Order

sOs Protoss 

Build Orders: 1 Gate Expand, Oracle Opening 

Get SALT Encoding   

  12  0:00  Probe  
  13  0:12  Probe  
  14  0:19  Pylon  
  14  0:24  Probe  
  15  0:37  Probe (Chrono Boost)  
  16  0:44  Gateway  
  16  0:47  Probe (Chrono Boost)  
  17  0:50  Assimilator  
  17  0:52  Probe (Chrono Boost)  
  18  1:04  Probe  
  19  1:16  Probe  
  20  1:24  Nexus  
  20  1:34  Cybernetics Core  
  20  1:37  Probe  
  21  1:44  Assimilator  
  21  1:49  Probe  
  21  1:53  Pylon  
  22  2:02  Probe  
  23  2:09  Adept (Chrono Boost)  
  23  2:14  Probe  
  26  2:19  Stargate  
  26  2:26  Probe  
  26  2:27  Adept (Chrono Boost)  
  29  2:36  Probe  
  30  2:38  Probe  
  31  2:48  Probe  
  31  2:49  Warp Gate  
  31  2:50  Probe  
  35  2:51  Adept  
  35  3:01  Probe  
  35  3:02  Probe, Oracle (Chrono Boost)  
  40  3:14  Probe x2  
  40  3:16  Pylon  
  42  3:32  Gateway  
  42  3:34  Oracle (Chrono Boost)  
  39  3:36  Pylon  
  39  3:39  Pylon  
  42  3:54  Shield Battery  
  42  4:02  Shield Battery  
  44  4:04  Shield Battery, Oracle (Chrono Boost)  
  44  4:08  Gateway  
  45  4:23  Probe  
  35  4:44  Oracle (Chrono Boost)  
  31  4:53  Zealot  
  31  4:58  Probe  
  27  5:13  Gateway  
  27  5:17  Probe  

Tags
 
Add a new tag
Caveats
  • Supply blocks, unpowered buildings, or Contaminate may cause inaccurate times.
  • Supply counts are checked every 10 seconds.